 Dungeon Crawl Stone Soup version 0.30.1-3-gfc49f6343a (webtiles) character file.

Game seed: 5838239601348988449

77 spardeous the Conjurer (level 3, -4/26 HPs)
             Began as a Demigod Conjurer on July 29, 2023.
             Slain by Terence
             ... wielding a +0 flail
              (14 damage)
             ... on level 3 of the Dungeon.
             The game lasted 00:01:31 (1788 turns).

spardeous the Conjurer (Demigod Conjurer)           Turns: 1788, Time: 00:01:33

Health: -4/26      AC:  4    Str:  8    XL:     3   Next: 92%
Magic:  8/17       EV: 11    Int: 24    God:
Gold:   88         SH:  0    Dex: 12    Spells: 4/5 levels left

rFire   . . .        p - +2 spear (flame)
rCold   + . .        (no shield)
rNeg    . . .        l - +1 leather armour {rC+}
rPois   .            (no helmet)
rElec   .            (no cloak)
rCorr   .            (no gloves)
SInv    .            (no boots)
Will    .....        (no amulet)
Stlth   ++           i - ring of magical power
HPRegen 0.24/turn    (no ring)
MPRegen 0.15/turn

%: no passive effects
@: no status effects
A: high MP 1, forlorn, divine attributes
a: no special abilities


You were on level 3 of the Dungeon.
You visited 1 branch of the dungeon, and saw 3 of its levels.

You collected 88 gold pieces.

Inventory:

Hand Weapons
 p - a +2 spear of flaming (weapon)
Missiles
 g - a throwing net
Armour
 a - a +0 robe
 l - a +1 leather armour of cold resistance (worn)
Jewellery
 i - a ring of magical power (left hand)
Scrolls
 h - a scroll of identify {unknown}
 n - a scroll of amnesia {unknown}
Potions
 b - a potion of magic
 c - a potion of haste {unknown}
 d - a potion of resistance {unknown}
 e - a potion of lignification {unknown}
 f - 2 potions of mutation {unknown}
 j - 3 potions of attraction {unknown}
 k - a potion of degeneration {unknown}
 m - a potion of flight {unknown}
 o - a potion of cancellation {unknown}


   Skills:
 - Level 1.7 Dodging
 - Level 1.7 Stealth
 - Level 1.7 Spellcasting
 + Level 5.2 Conjurations


You had 4 spell levels left.
You knew the following spells:

 Your Spells              Type           Power      Damage    Failure   Level
a - Magic Dart            Conj           100%       1d8       1%          1

Your spell library contained the following spells:

 Spells                   Type           Power      Damage    Failure   Level
 Searing Ray              Conj           54%        2d6       3%          2
 Dazzling Flash           Conj/Hex       28%        N/A       19%         3
 Fulminant Prism          Conj/Hex       7%         3d6       52%         4
 Iskenderun's Mystic Bla  Conj/Tloc      14%        2d5       52%         4


Dungeon Overview and Level Annotations

Branches:
Dungeon (3/15)

Annotations:
D:3 Terence


Innate Abilities, Weirdness & Mutations

You have an increased reservoir of magic. (+10% MP)
You shall have no god before yourself.
Your divine heritage dramatically boosts your attributes as you level up.


Message History

Casting: Magic Dart (safe; 1% risk of failure)
Confirm with . or Enter, or press ? or * to list all spells.
Aiming: Magic Dart (safe; 1% risk of failure)
Press: ? - help, Shift-Dir - straight line, f/p - Terence
Aim: Terence, wielding a +0 flail and wearing a +0 scale mail (heavily wounded, strong, 100% to hit)
The magic dart hits Terence.
Terence is heavily wounded.
Terence hits you with a +0 flail.
Level annotation: Terence Welcome back, spardeous the Demigod Conjurer.
Press ? for a list of commands and other information.
Casting: Magic Dart (safe; 1% risk of failure)
Confirm with . or Enter, or press ? or * to list all spells.
Okay, then.
Really attack while wielding nothing? [Y]es or [N]o only, please.
Really attack while wielding nothing?
Okay, then.
Your +2 spear of flaming bursts into flame!
p - a +2 spear of flaming (weapon)
You hit Terence but do no damage.
Terence is heavily wounded.
Terence barely misses you.
You hit Terence. You burn Terence. You punch Terence, but do no damage.
Terence is severely wounded.
Terence hits you with a +0 flail.
You take 1 damage, and have 13/26 hp.
You hit Terence but do no damage.
Terence is severely wounded.
Terence misses you.
You closely miss Terence.
Terence is severely wounded.
Terence completely misses you.
You hit Terence but do no damage.
Terence is severely wounded.
Terence hits you with a +0 flail.
* * * LOW HITPOINT WARNING * * *
Terence hits you with a +0 flail!
Ouch! That really hurt!
You die...

.!# .†.. . ..# ...
#####.#####
!....###.........#
......@@.........#
>....###......†..#
... #.........# #
#.........#
#.........#
#.........#
#####....####
#.#####........
#.......##.###.


You could see Terence (strong).

Vanquished Creatures
  3 adders (D:2)
  An ufetubus (D:2)
  A worm (D:2)
  2 dart slugs
  4 endoplasms
  2 goblins
  2 hobgoblins (D:2)
  3 quokkas
  3 ball pythons
  5 bats
  7 frilled lizards
  4 kobolds
  4 rats (D:1)
41 creatures vanquished.

Notes
Turn   | Place    | Note
-------+----------+-------------------------------------------
     0 | D:1      | spardeous the Demigod Conjurer began the quest for the Orb.
     0 | D:1      | Reached XP level 1. HP: 14/14 MP: 5/5
   246 | D:1      | Reached skill level 4 in Conjurations
   321 | D:1      | Reached XP level 2. HP: 20/20 MP: 2/7
   612 | D:1      | You fall into a shaft and drop 1 floor!
   719 | D:2      | Reached XP level 3. HP: 22/26 MP: 1/8
  1320 | D:2      | Reached skill level 5 in Conjurations
  1771 | D:3      | Noticed Terence
  1788 | D:3      | Slain by Terence

Illustrated notes

Levels and vault maps discovered:
D:1:      minmay_arrival_arboretum_small, layout_basic, serial_park_tiny_pond
D:2:      layout_loops_cross, st_stairs_2
D:3:      layout_basic, amcnicky_altar_gilded, mainiacjoe_overflow_catwalk,
          nicolae_overflow_hidden_temple, okawaru_trees_2, uniq_terence

Skill      XL: |  1  2  3 |
---------------+----------+-----
Conjurations   | 4 5 |  5.2
Dodging        | |  1.7
Stealth        | |  1.7
Spellcasting   | |  1.7

Action                     || total
---------------------------++-------
  Melee: Spear             ||     5
         Punch             ||     1
   Cast: Magic Dart        ||    92
  Dodge: Dodged            ||    12
